 Dungeon Crawl Stone Soup version 0.27.1-33-g824d729ab1 (webtiles) character file.

Game seed: 9657920712831222297

49 coolguy420 the Conjurer (level 3, -1/19 HPs)
             Began as a Deep Elf Conjurer on Dec 9, 2021.
             Slain by a sky beast (5 damage)
             ... on level 3 of the Dungeon.
             The game lasted 00:04:08 (2127 turns).

coolguy420 the Conjurer (Deep Elf Conjurer)         Turns: 2127, Time: 00:04:09

Health: -1/19      AC:  2    Str:  4    XL:     3   Next: 53%
Magic:  10/10      EV: 16    Int: 23    God:
Gold:   86         SH:  0    Dex: 13    Spells: 8/9 levels left

rFire    . . .     SeeInvis .   (no weapon)
rCold    . . .     Faith    .   (no shield)
rNeg     . . .     Spirit   .   a - +0 robe
rPois    .         Reflect  .   (no helmet)
rElec    .         Harm     .   (no cloak)
rCorr    .         Rampage  .   (no gloves)
Will     .....                  (no boots)
Stlth    ++........             i - amulet of magic regeneration
HPRegen  0.06/turn              g - +4 ring of evasion
MPRegen  0.37/turn              (no ring)

@: flying
A: no striking features
a: no special abilities


You were on level 3 of the Dungeon.
You visited 1 branch of the dungeon, and saw 3 of its levels.

You collected 86 gold pieces.

Inventory:

Armour
 a - a +0 robe (worn)
Jewellery
 g - a +4 ring of evasion (left hand)
 i - an amulet of magic regeneration (around neck)
Scrolls
 c - a scroll of teleportation {unknown}
 e - a scroll of identify {unknown}
 f - a scroll of fog {unknown}
 h - 2 scrolls of enchant weapon {unknown}
Potions
 d - a potion of curing {unknown}


   Skills:
 + Level 2.5 Dodging
 + Level 2.7 Stealth
 + Level 3.5 Spellcasting
 + Level 5.4 Conjurations


You had 8 spell levels left.
You knew the following spells:

 Your Spells              Type           Power      Damage    Failure   Level
a - Magic Dart            Conj           100%       1d8       1%          1

Your spell library contained the following spells:

 Spells                   Type           Power      Damage    Failure   Level
 Searing Ray              Conj           58%        3d5       1%          2
 Dazzling Flash           Conj/Hex       32%        N/A       11%         3
 Fulminant Prism          Conj/Hex       8%         3d7       34%         4
 Iskenderun's Mystic Bla  Conj/Tloc      16%        2d5       34%         4
 Malign Gateway           Summ/Tloc      2%         N/A       100%        7
 Summon Horrible Things   Summ           2%         N/A       100%        8


Dungeon Overview and Level Annotations

Branches:
Dungeon (3/15)

Altars:
Kikubaaqudgha


Message History

Reactivating autopickup.
You see here a +0 hand axe.
Aiming: Magic Dart (safe; 1% risk of failure)
Press: ? - help, Q - select action Shift-Dir - straight line, f - sky beast
Aim: a sky beast (lightly wounded, 100% to hit)
The magic dart hits the sky beast.
The sky beast is moderately wounded.
Aiming: Magic Dart (safe; 1% risk of failure)
Press: ? - help, Q - select action Shift-Dir - straight line, f/p - sky beast
Aim: a sky beast (moderately wounded, 100% to hit)
The magic dart hits the sky beast but does no damage.
The sky beast is moderately wounded.
The sky beast barely misses you.
Aiming: Magic Dart (safe; 1% risk of failure)
Press: ? - help, Q - select action Shift-Dir - straight line, f/p - sky beast
Aim: a sky beast (moderately wounded, 100% to hit)
The magic dart hits the sky beast.
The sky beast is moderately wounded.
The sky beast barely misses you.
Aiming: Magic Dart (safe; 1% risk of failure)
Press: ? - help, Q - select action Shift-Dir - straight line, f/p - sky beast
Aim: a sky beast (moderately wounded, 100% to hit)
The magic dart hits the sky beast but does no damage.
The sky beast is moderately wounded.
The sky beast hits you. The sky beast shocks you.
Casting: Magic Dart (safe; 1% risk of failure)
Confirm with . or Enter, or press ? or * to list all spells.
Okay, then.
It was a potion of flight.
You feel very buoyant.
You fly up into the air.
The sky beast hits you. The sky beast shocks you.
The sky beast barely misses you.
A worm comes into view.
The sky beast completely misses you.
The sky beast flickers out of sight!
Deactivating autopickup; reactivate with Ctrl-A.
Found a stone staircase leading down.
Something hits you.
* * * LOW HITPOINT WARNING * * *
Something shocks you.
You die...

#.......≈.<.)..#..#.#####
+...#####.#.#.....#.....#
###.. #.#.##.##.##.##.#
#.. #.#.##.......##.# ...
#.#.............#
#.#######.##w#### #..
#.##.# #.# #.###.##.#
#...@.##.# #..#####.# #.
#.# .. #. .. >


There were no monsters in sight!

Vanquished Creatures
  A worm (D:2)
  A dart slug (D:2)
  5 ball pythons
  4 endoplasms
  2 giant cockroaches
  A goblin (D:1)
  7 hobgoblins
  2 quokkas (D:2)
  5 bats
  2 frilled lizards
  6 kobolds
  2 rats
38 creatures vanquished.

Notes
Turn   | Place    | Note
-------+----------+-------------------------------------------
     0 | D:1      | coolguy420 the Deep Elf Conjurer began the quest for the
                  | Orb.
     0 | D:1      | Reached XP level 1. HP: 10/10 MP: 6/6
   370 | D:1      | Reached XP level 2. HP: 15/15 MP: 6/8
   557 | D:1      | Reached skill level 5 in Conjurations
  1367 | D:2      | Reached XP level 3. HP: 19/19 MP: 6/9
  1750 | D:2      | Found an ancient bone altar of Kikubaaqudgha.
  2091 | D:3      | Noticed a sky beast
  2127 | D:3      | Slain by a sky beast

Illustrated notes

Levels and vault maps discovered:
D:1:      dpeg_arrival_connections, layout_loops_corners,
          amcnicky_mini_pool_small, nrook_mini_vaults
D:2:      layout_loops_ring, basic_altar, corexii_shack
D:3:      layout_basic, dreamdust_ecumenical_altar_sealed_demon,
          lemuel_another_geyser

Skill      XL: |  1  2 |
---------------+-------+-----
Conjurations   | 5 |  5.4
Dodging        | |  2.5
Stealth        | |  2.7
Spellcasting   | |  3.5

Action                   || total
-------------------------++-------
 Cast: Magic Dart        ||    76
  Use: Potion            ||     1
Armor: Robe              ||     1
Dodge: Dodged            ||     7
